AoeStats
← Predatory Shadow

Lombardia

510194270Analyzed
2v2 RM · 3d ago on Sep 29, 2026· 33m 43s· 4 players
Game mode
Random Map
Map size
Medium (4 player)
Population
200
Speed
Normal
Resources
Standard
Victory
Conquest
Starting age
Dark Age
Ending age
Imperial Age
RankedLock teamsTeams togetherTeam positionsShared explorationLock speedFull tech treeHidden civsTurbo modeCheats
Victory
Defeat
🇦🇷 Maya · Argentina
920
+18
🇧🇷 Lithuanians · Brazil
882
+20
🇦🇷 Burgundians · Argentina
967
-19
🇦🇷 Armenians · Argentina
964
-19
JEFRYY
0:32 Loom
10:18 Feudal Age
11:36 Double-Bit Axe
11:43 Town Watch
13:38 Fletching
21:40 Castle Age
22:00 Gold Mining
22:17 Bodkin Arrow
21:46 Crossbowman
25:04 Thumb Ring
25:35 Ballistics
32:38 Padded Archer Armor
RENAN
0:28 Loom
11:30 Feudal Age
12:21 Double-Bit Axe
18:59 Stone Mining
19:01 Gold Mining
22:38 Castle Age
20:56 Horse Collar
23:38 Bloodlines
23:29 Husbandry
24:15 Wheelbarrow
23:51 Bow Saw
24:54 Forging
24:49 Scale Barding Armor
26:28 Heavy Plow
28:27 Iron Casting
31:12 Stone Shaft Mining
31:02 Chain Barding Armor
30:33 Fletching
31:54 Town Watch
32:36 Hand Cart
Magic3arth
10:43 Feudal Age
9:02 Loom
10:06 Loom
11:08 Loom
15:09 Castle Age
13:25 Double-Bit Axe
13:35 Gold Mining
14:25 Bow Saw
22:40 Husbandry
22:03 Cavalier
23:35 Husbandry
25:38 Forging
26:11 Horse Collar
30:22 Iron Casting
29:52 Scale Barding Armor
31:55 Two-Man Saw
31:34 Scale Barding Armor
31:32 Heavy Plow
31:29 Stone Mining
32:38 Pikeman
33:19 Squires
Predatory Shadow
0:27 Loom
10:58 Feudal Age
11:40 Double-Bit Axe
11:38 Horse Collar
12:01 Gold Mining
19:18 Castle Age
17:12 Man-at-Arms
18:10 Long Swordsman
19:03 Fletching
20:02 Squires
19:25 Elite Skirmisher
21:25 Padded Archer Armor
22:28 Gambesons
23:43 Wheelbarrow
22:53 Town Watch
23:50 Heavy Plow
24:03 Bow Saw
27:37 Stone Mining
28:24 Gold Shaft Mining
28:33 Two-Handed Swordsman
31:26 Treadmill Crane
34:23 Imperial Age
32:37 Ballistics
32:41 Champion
Connection lost

Rejoining the realm…

Still unreachable

The connection could not be restored.

Session expired

The server has moved on; the page needs a fresh start.